 Dungeon Crawl Stone Soup version 0.31.0-11-ge490571c62 (webtiles) character file.

Game seed: 12547990010796269834

2 qw the Shooter (level 1, 0/12 HPs)
             Began as a Deep Elf Hunter on Feb 4, 2024.
             Succumbed to a kobold's poison
             ... on level 1 of the Dungeon.
             The game lasted 00:00:00 (71 turns).

qw the Shooter (Deep Elf Hunter)                      Turns: 71, Time: 00:00:00

Health: 0/12       AC:  3    Str:  8    XL:     1   Next: 33%
Magic:  3/3        EV: 12    Int: 13    God:
Gold:   9          SH:  0    Dex: 18    Spells: 0/0 levels left

rFire   . . .        a - +0 shortbow
rCold   . . .        (shield currently unavailable)
rNeg    . . .        c - +0 leather armour
rPois   .            (no helmet)
rElec   .            (no cloak)
rCorr   .            (no gloves)
SInv    .            (no boots)
Will    .....        (no amulet)
Stlth   ++           (no ring)
HPRegen 0.22/turn    (no ring)
MPRegen 0.08/turn

%: no passive effects
@: lethally poisoned (0 -> -4)
A: no striking features
a: no special abilities


You were on level 1 of the Dungeon.
You visited 1 branch of the dungeon, and saw 1 of its levels.

You collected 9 gold pieces.


   Skills:
 - Level 1.5 Fighting
 + Level 5.5 Ranged Weapons
 - Level 2.4 Dodging
 - Level 1.2 Stealth


You couldn't memorise any spells.
You didn't know any spells.
Your spell library was empty.

Inventory:

Hand Weapons
 a - a +0 shortbow (weapon)
Armour
 c - a +0 leather armour (worn)
Scrolls
 b - a scroll of butterflies

Dungeon Overview and Level Annotations

Branches:
Dungeon (1/15)

Altars:


Message History

You open the door.
A goblin comes into view. It is wielding a +0 dagger.
The goblin shouts!
There is an open door here.
Enter note:
Enter note: You shoot an arrow.
The arrow closely misses the goblin.
You shoot an arrow. The arrow hits the goblin!
You kill the goblin!
A frilled lizard comes into view.
You shoot an arrow.
The arrow closely misses the frilled lizard.
The frilled lizard hisses angrily.
You shoot an arrow. The arrow hits the frilled lizard.
You kill the frilled lizard!
You open the door.
A kobold comes into view. It is wielding a +2 dagger of venom.
You shoot an arrow. The arrow closely misses the kobold.
The kobold shouts!
You shoot an arrow.
The arrow hits the kobold but does no damage.
A quokka comes into view.
You shoot an arrow. The arrow hits the kobold.
The kobold is severely wounded.
The quokka bites you.
You shoot an arrow. The arrow barely misses the kobold.
The kobold hits you with a +2 dagger of venom.
You are lethally poisoned!
The quokka barely misses you.
You shoot an arrow. The arrow hits the kobold.
You kill the kobold!
You feel very sick. The quokka bites you. The quokka closely misses you.
You shoot an arrow. The arrow hits the quokka.
The quokka is moderately wounded.
You feel sick.
A bat comes into view.
The quokka bites you.
You shoot an arrow. The arrow closely misses the quokka.
You die...

#.........#.#.##..#
#.#.....#.#.#.#...#
#.###.#.#.#........
#.###.#.#.###.#...##
#.#...#.#.# #.#....
#.#.###.... ..##..#
#.#.# ## ...
#.#.#####.# ##r##
#.........# ##.@)##
###.####### ##..)b.##
#.##.## ##.......#
#.#...####..........#
#........'............
#.#...####............
#.##.## ##.......####
#.#### ##.....## ...
##...##


You could see a quokka and a bat.

Vanquished Creatures
  A goblin (D:1)
  A frilled lizard (D:1)
  A kobold (D:1)
3 creatures vanquished.

Notes
Turn   | Place    | Note
-------+----------+-------------------------------------------
     0 | D:1      | qw the Deep Elf Hunter began the quest for the Orb.
     0 | D:1      | Reached XP level 1. HP: 12/12 MP: 3/3
     0 | D:1      | 0 ||| qw: Version: 0.3-a-160-g6735b56
     0 | D:1      | 0 ||| qw: Game counter: 5121
     0 | D:1      | 0 ||| qw: Melee chars always use a shield: true
     0 | D:1      | 0 ||| qw: God list: Okawaru
     0 | D:1      | 0 ||| qw: Allow faded altars: false
     0 | D:1      | 0 ||| qw: Do Orc after clearing Dungeon:15 true
     0 | D:1      | 0 ||| qw: Do second Lair branch before Depths: true
     0 | D:1      | 0 ||| qw: Lair rune preference: random
     0 | D:1      | 0 ||| qw: Goals: Normal
     0 | D:1      | 0 ||| PLANNING D:1-11
    69 | D:1      | HP: 3/12 [poisoned by a kobold]
    70 | D:1      | HP: 1/12 [quokka (1)]
    71 | D:1      | Succumbed to a kobold's poison

Levels and vault maps discovered:
D:1:      roderic_dead_forest, layout_loops_corners, st_stairs_9

Action                     || total
---------------------------++-------
   Fire: Shortbow          ||    11
 Armour: Leather armour    ||     4
  Dodge: Dodged            ||     2

Table legend:
 A = Non-vault XP
 B = Vault XP
 C = Vault XP percentage of total XP
 D = Non-vault monster count
 E = Vault monster count
 F = Vault count percentage of total count
                 A         B        C        D         E       F
            +---------+---------+-------+---------+---------+-------
      Total |       4 |       0 |   0.0 |       3 |       0 |   0.0
            +---------+---------+-------+---------+---------+-------
        D:1 |       4 |       0 |   0.0 |       3 |       0 |   0.0
            +---------+---------+-------+---------+---------+-------
